 Dungeon Crawl Stone Soup version 0.28-a0-1524-ge72afd5fc6 (webtiles) character file.

Game seed: 10976729964298494713

23960 sizableburger the Fighter (level 13, 0/141 HPs)
             Began as an Ogre Arcane Marksman on Jan 17, 2022.
             Was an Elder of Kikubaaqudgha.
             Slain by a seven-headed hydra (6 damage)
             ... on level 4 of the Lair of Beasts.
             The game lasted 01:12:18 (26272 turns).

sizableburger the Fighter (Ogre Arcane Marksman)   Turns: 26272, Time: 01:12:18

Health: 0/141      AC: 13    Str: 19    XL:     13   Next: 10%
Magic:  6/25       EV:  9    Int: 18    God:    Kikubaaqudgha [****..]
Gold:   742        SH:  0    Dex:  9    Spells: 5/28 levels left

rFire   + . .      SeeInvis .   j - +3 whip (venom)
rCold   + . .      Faith    .   (no shield)
rNeg    . . .      Spirit   .   s - +2 steam dragon scales
rPois   .          Reflect  .   n - +2 hat
rElec   +          Harm     .   H - +1 cloak
rCorr   .          Rampage  .   (gloves unavailable)
Will    +....                   (boots unavailable)
Stlth   +.........              (no amulet)
HPRegen 0.33/turn               w - ring "Cahem" {rElec rC+ Str+2}
MPRegen 0.19/turn               e - ring of protection from fire

@: hasted, very quick
A: large, unfitting armour, tough skin 1
a: Renounce Religion, Receive Corpses


You were on level 4 of the Lair of Beasts.
You worshipped Kikubaaqudgha.
Kikubaaqudgha was greatly pleased with you.
You visited 3 branches of the dungeon, and saw 15 of its levels.
You also visited: Bailey.

You collected 742 gold pieces.

Inventory:

Hand Weapons
 j - a +3 whip of venom (weapon)
 v - a +0 mace
 D - a +0 giant spiked club
 I - a +0 giant club
Missiles
 a - 7 throwing nets
 l - a boomerang
 x - 7 poisoned darts
 F - 3 silver javelins (quivered)
Armour
 k - a +1 robe of fire resistance
 n - a +2 hat (worn)
 s - +2 steam dragon scales (worn)
 H - a +1 cloak (worn)
Magical Staves
 i - a staff of death
Jewellery
 e - a ring of protection from fire (right hand)
 g - a ring of protection from cold
 w - the ring "Cahem" (left hand) {rElec rC+ Str+2}
   (You found it on level 7 of the Dungeon)

   [ring of protection from cold]

   Str:       It affects your strength (+2).
   rC:        It protects you from cold.
   rElec:     It insulates you from electricity.
 B - a ring of poison resistance
Wands
 d - a wand of polymorph (8)
 m - a wand of iceblast (12)
 o - a wand of acid (8)
 p - a wand of flame (17)
 y - a wand of paralysis (27)
 G - a wand of digging (4)
Scrolls
 b - 3 scrolls of fog
 f - 4 scrolls of teleportation
 C - a scroll of enchant weapon
 J - a scroll of vulnerability
Potions
 h - a potion of haste
 q - 2 potions of brilliance
 r - 2 potions of might
 t - 2 potions of mutation
 u - a potion of berserk rage
 z - 3 potions of resistance
 A - 2 potions of curing
 E - a potion of degeneration


   Skills:
 + Level 12.3 Fighting
 + Level 8.4 Maces & Flails
 - Level 6.2 Throwing
 - Level 3.7 Armour
 - Level 1.8 Dodging
 - Level 0.3 Unarmed Combat
 - Level 8.2 Spellcasting
 - Level 7.3 Hexes
 + Level 7.1 Necromancy
 + Level 5.0 Earth Magic
 - Level 5.3 Evocations


You had 5 spell levels left.
You knew the following spells:

 Your Spells              Type           Power      Damage    Failure   Level
a - Slow                  Hex            100%       N/A       1%          1
b - Cause Fear            Hex            16%        N/A       4%          4
c - Vampiric Draining     Necr           33%        2d8       1%          3
d - Portal Projectile     Hex/Tloc       40%        N/A       6%          3
e - Inner Flame           Hex/Fire       20%        N/A       6%          3
f - Animate Dead          Necr           16%        N/A       4%          4
g - Borgnjor's Vile Clut  Necr/Erth      14%        N/A       22%         5

Your spell library contained the following spells:

 Spells                   Type           Power      Damage    Failure   Level
 Animate Skeleton         Necr           66%        N/A       1%          1
 Pain                     Necr           100%       1d9       1%          1
 Sandblast                Erth           50%        2d12      1%          1
 Passwall                 Tmut/Erth      13%        N/A       4%          2
 Dispel Undead            Necr           33%        3d14      4%          4
 Summon Guardian Golem    Hex/Summ       20%        N/A       6%          3
 Stone Arrow              Conj/Erth      32%        3d9       10%         3
 Scorch                   Fire           14%        2d5       14%         2
 Agony                    Necr           33%        N/A       14%         5
 Excruciating Wounds      Necr           16%        N/A       14%         5
 Flame Wave               Conj/Fire      7%         2d4       67%         4
 Death Channel            Necr           16%        N/A       61%         6
 Summon Cactus Giant      Summ           3%         N/A       100%        6
 Orb of Destruction       Conj           3%         9d5       100%        7
 Spellforged Servitor     Conj/Summ      3%         N/A       100%        7


Dungeon Overview and Level Annotations

Branches:
Dungeon (10/15)            Temple (1/1) D:4            Lair (4/6) D:9
 Spider (0/4) Lair:2          Orc (0/2) D:10         Bailey (visited)
  Swamp: Lair:2-4    Shoals: Lair:2-4

Altars:
Dithmenos
Fedhas
Hepliaklqana
Kikubaaqudgha
Nemelex Xobeh
Okawaru
Qazlal
Xom
Yredelemnul

Shops:
D:4 (   D:8 ?

Annotations:
D:4 1 runed translucent door, knot's ghost, amateur DsBe
D:7 3 runed translucent doors, karrick's ghost, novice GrFi


Innate Abilities, Weirdness & Mutations

You are too large for most types of armour.
You have tough skin. (AC +1)


Message History

The seven-headed hydra barely misses you.
The seven-headed hydra bites you.
The seven-headed hydra barely misses you.
The seven-headed hydra bites you. x2
Casting: Cause Fear (mildly dangerous; 4% risk of failure)
Confirm with . or Enter, or press ? or * to list all spells.
Casting: Cause Fear (mildly dangerous; 4% risk of failure)
Press: ? - help, Dir - look around, f - activate The seven-headed hydra easily resists.
The seven-headed hydra closely misses you.
The seven-headed hydra bites you.
The seven-headed hydra barely misses you. x2
The seven-headed hydra bites you but does no damage. x3
Found a short sword.
Casting: Cause Fear (mildly dangerous; 4% risk of failure)
Confirm with . or Enter, or press ? or * to list all spells.
Casting: Cause Fear (mildly dangerous; 4% risk of failure)
Press: ? - help, Dir - look around, f - activate The seven-headed hydra resists with almost no effort.
The seven-headed hydra bites you. x2; The seven-headed hydra bites you!
The seven-headed hydra barely misses you.
The seven-headed hydra bites you but does no damage. x2
The seven-headed hydra barely misses you.
The seven-headed hydra bites you!
* * * LOW HITPOINT WARNING * * *
The seven-headed hydra barely misses you.
The seven-headed hydra bites you but does no damage. x4
The seven-headed hydra bites you.
* * * LOW HITPOINT WARNING * * *
You feel yourself speed up. The seven-headed hydra bites you.
* * * LOW HITPOINT WARNING * * *
The seven-headed hydra bites you!
* * * LOW HITPOINT WARNING * * *
The seven-headed hydra bites you!
* * * LOW HITPOINT WARNING * * *
The seven-headed hydra bites you!
* * * LOW HITPOINT WARNING * * *
The seven-headed hydra bites you.
You die...
Kikubaaqudgha rasps: "You have failed me!
Welcome... death!"

....#..(##(.^≈≈
.#............#(.≈≈
.................(P.PP
...................♣.#
...............(....P#
................##..##
.........>......#...P#
................P.....
........@.............
........D..........PP.
.............)....##P.
.........<.........#
......................
..........#...........
...................$..
.).....(..........!...
........#######.......


You could see a seven-headed hydra.

Vanquished Creatures
  Gastronok (Lair:3)
  Harold (D:10)
  3 hydras
  Erica (D:10)
  A centaur warrior (D:10)
  2 two-headed ogres (D:9)
  2 oklob plants
  2 black mambas (Lair:2)
  2 elephants (Lair:3)
  2 cane toads (Lair:1)
  A rime drake (Lair:2)
  5 komodo dragons
  A troll (D:6)
  Grinder (D:3)
  A hornet (D:9)
  9 blink frogs
  Sigmund (D:4)
  2 jumping spiders (Lair:2)
  27 yaks
  2 basilisks (Lair:3)
  2 steam dragons
  A redback (Lair:2)
  An acid dragon (D:6)
  5 water moccasins
  2 black bears (D:9)
  3 orc warriors
  An ice beast (D:6)
  2 necrophages
  6 wolves
  An ogre (D:4)
  4 centaurs
  2 phantoms
  A kobold brigand (D:8)
  3 gnoll sergeants
  Blork the orc (D:6)
  9 bullfrogs
  3 scorpions
  A wyvern skeleton (D:5)
  8 killer bees
  An electric eel (D:8)
  3 howler monkeys
  7 hounds
  3 centaur zombies
  3 orc priests
  Crazy Yiuf (D:6)
  A centaur skeleton (D:7)
  3 iguanas
  2 orc wizards
  Natasha (twice) (D:2)
  A killer bee zombie (D:8)
  3 howler monkey zombies
  12 gnolls
  4 adders
  A shadow imp (D:7)
  2 white imps
  An ufetubus (D:6)
  5 worms
  A dart slug (D:3)
  32 orcs
  3 bats
  6 endoplasms
  2 giant cockroaches (D:1)
  8 goblins
  3 hobgoblins
  2 quokkas
  7 ball pythons
  4 frilled lizards
  7 kobolds
  3 rats
256 creatures vanquished.

Vanquished Creatures (collateral kills)
  A hydra (Lair:1)
  An elephant (Lair:3)
  A blink frog (Lair:1)
  A water moccasin (Lair:1)
  A bullfrog (Lair:1)
5 creatures vanquished.

Vanquished Creatures (others)
  A sky beast (D:7)
  19 fungi
  13 plants
33 creatures vanquished.

Grand Total: 294 creatures vanquished

Notes
Turn   | Place    | Note
-------+----------+-------------------------------------------
     0 | D:1      | sizableburger the Ogre Arcane Marksman began the quest for
                  | the Orb.
     0 | D:1      | Reached XP level 1. HP: 19/19 MP: 2/2
   231 | D:1      | Reached XP level 2. HP: 22/27 MP: 3/3
   481 | D:1      | Found a faded altar of an unknown god.
  1209 | D:1      | Reached skill level 2 in Fighting
  1661 | D:2      | Noticed Natasha
  1669 | D:2      | Noticed a crimson imp
  1679 | D:2      | Reached XP level 3. HP: 16/35 MP: 4/4
  1679 | D:2      | Killed Natasha
  1680 | D:2      | Reached skill level 1 in Maces & Flails
  1850 | D:2      | Reached XP level 4. HP: 38/44 MP: 3/5
  1900 | D:2      | Learned a level 4 spell: Cause Fear
  2516 | D:2      | Noticed Natasha
  2961 | D:2      | Killed Natasha
  2962 | D:2      | Reached skill level 3 in Fighting
  3318 | D:3      | Reached XP level 5. HP: 36/53 MP: 6/6
  3802 | D:3      | Noticed Grinder
  3807 | D:3      | Paralysed by Grinder for 2 turns
  3811 | D:3      | Paralysed by Grinder for 6 turns
  3828 | D:3      | Paralysed by Grinder for 7 turns
  3846 | D:3      | Killed Grinder
  3847 | D:3      | Reached skill level 4 in Fighting
  3847 | D:3      | Reached XP level 6. HP: 4/63 MP: 7/7
  5181 | D:4      | Reached skill level 5 in Fighting
  5297 | D:4      | Found Ocietote's Weapon Shop.
  5456 | D:4      | Noticed Sigmund
  5492 | D:4      | Killed Sigmund
  5493 | D:4      | Reached XP level 7. HP: 39/72 MP: 8/8
  5728 | D:4      | Found a staircase to the Ecumenical Temple.
  5739 | Temple   | Entered the Ecumenical Temple
  5798 | Temple   | Became a worshipper of Kikubaaqudgha
  6140 | D:4      | Found a runed translucent door.
  6140 | D:4      | Noticed knot's ghost (amateur DsBe)
  6304 | D:5      | Entered Level 5 of the Dungeon
  6343 | D:5      | Reached skill level 6 in Fighting
  6343 | D:5      | Reached skill level 5 in Hexes
  6866 | D:4      | Reached XP level 8. HP: 13/84 MP: 9/11
  7193 | D:5      | Reached skill level 1 in Evocations
  7871 | D:5      | Reached skill level 7 in Fighting
  8578 | D:6      | Identified the +1 leather armour of the Nexus {rElec rF-
                  | Regen+ rCorr}
  8604 | D:5      | Reached * piety under Kikubaaqudgha
  8604 | D:5      | Received a gift from Kikubaaqudgha
  8611 | D:5      | Learned a level 3 spell: Vampiric Draining
  8723 | D:6      | Noticed Blork the orc
  8784 | D:6      | Killed Blork the orc
  8812 | D:6      | Reached skill level 1 in Necromancy
  8992 | D:6      | Reached XP level 9. HP: 88/96 MP: 13/15
  9068 | D:6      | Found a runed translucent door.
  9069 | D:6      | Noticed Crazy Yiuf
  9079 | D:6      | Killed Crazy Yiuf
  9220 | D:6      | Reached skill level 8 in Fighting
  9457 | D:6      | Noticed Maggie
  9610 | D:7      | Identified the ring "Cahem" {rElec rC+ Str+2}
 10460 | D:8      | Reached skill level 5 in Spellcasting
 10609 | D:8      | Found Igyfupli's Magic Scroll Shop.
 10990 | D:8      | Reached skill level 9 in Fighting
 12226 | D:7      | Found a shadowy altar of Dithmenos.
 12292 | D:7      | Reached skill level 5 in Maces & Flails
 12529 | D:7      | Reached ** piety under Kikubaaqudgha
 12535 | D:7      | Reached XP level 10. HP: 87/107 MP: 17/19
 12993 | D:7      | Found a runed translucent gate.
 12993 | D:7      | Found a runed translucent gate.
 12993 | D:7      | Found a runed translucent gate.
 12999 | D:7      | Noticed karrick's ghost (novice GrFi)
 13551 | D:6      | Noticed Maggie
 13551 | D:6      | Maggie changed into Maggie the troll
 13560 | D:6      | Killed Maggie the troll
 13693 | D:9      | Noticed a two-headed ogre
 13708 | D:9      | Killed a two-headed ogre
 13709 | D:9      | Reached skill level 10 in Fighting
 13866 | D:9      | Learned a level 3 spell: Portal Projectile
 14039 | D:9      | Found a flagged portal.
 14062 | Bailey   | Entered a bailey
 14729 | D:9      | Reached skill level 1 in Armour
 15059 | D:9      | Found a staircase to the Lair.
 15277 | D:9      | Noticed a two-headed ogre
 15307 | D:9      | Killed a two-headed ogre
 15537 | D:10     | Entered Level 10 of the Dungeon
 15560 | D:10     | Noticed a centaur warrior
 15579 | D:10     | Killed a centaur warrior
 15580 | D:10     | Reached XP level 11. HP: 26/117 MP: 15/22
 16062 | D:10     | Noticed Erica
 16070 | D:10     | Killed Erica
 16100 | D:10     | Found a staircase to the Orcish Mines.
 16311 | D:10     | Noticed Harold
 16328 | D:10     | Killed Harold
 17436 | Lair:1   | Entered Level 1 of the Lair of Beasts
 17876 | D:9      | Learned a level 3 spell: Inner Flame
 17896 | D:9      | Reached *** piety under Kikubaaqudgha
 17896 | D:9      | Received a gift from Kikubaaqudgha
 17904 | D:9      | Learned a level 4 spell: Animate Dead
 17910 | D:9      | Learned a level 5 spell: Borgnjor's Vile Clutch
 18496 | Lair:1   | Noticed a seven-headed hydra
 18516 | Lair:1   | Killed a seven-headed hydra
 18517 | Lair:1   | Reached skill level 5 in Necromancy
 18517 | Lair:1   | Reached skill level 1 in Earth Magic
 18593 | Lair:1   | Reached skill level 5 in Evocations
 19689 | Lair:1   | Reached XP level 12. HP: 106/128 MP: 24/24
 21188 | Lair:2   | Reached skill level 11 in Fighting
 21947 | Lair:2   | Found a hole to the Spider Nest.
 22127 | Lair:2   | Reached skill level 5 in Throwing
 23281 | Lair:3   | Noticed an eight-headed hydra
 23580 | Lair:3   | Noticed Gastronok
 23593 | Lair:3   | Killed Gastronok
 24070 | Lair:3   | Killed an eight-headed hydra
 24070 | Lair:3   | HP: 5/131 [spore (10)]
 24847 | Lair:3   | Reached **** piety under Kikubaaqudgha
 25623 | Lair:3   | Reached skill level 12 in Fighting
 26030 | Lair:4   | Noticed a six-headed hydra
 26033 | Lair:4   | Reached XP level 13. HP: 84/140 MP: 16/25
 26058 | Lair:4   | Reached skill level 5 in Earth Magic
 26272 | Lair:4   | HP: 6/141 [seven-headed hydra (8)]
 26272 | Lair:4   | Slain by a seven-headed hydra

Illustrated notes

Levels and vault maps discovered:
D:1:      ncdulo_watergridlock, layout_basic,
          hellmonk_ecumenical_altar_pennies_from_heaven
D:2:      layout_basic, minmay_misc_feat_plants, uniq_natasha
D:3:      cheibrodos_helix_gallery, layout_rooms, serial_co_window_serial,
          co_window_corner_a, co_window_paths_b, co_window_of_opportunity_a,
          co_window_paths_a, co_window_corner_a, co_window_corner_b,
          co_window_of_opportunity_c, co_window_broadway_b, co_window_2corner,
          co_window_broadway_a, co_window_corner_cb, co_window_paths_e,
          lemuel_flame_loot_1, uniq_grinder
D:4:      layout_rooms, minmay_temple_entry_grid, serial_shops,
          nicolae_shop_bloodbath_and_beyond, ebering_ghost_inner_flame,
          uniq_sigmund
D:5:      layout_loops_ring, enter_ossuary_1
D:6:      layout_basic, uniq_crazy_yiuf_cottage, uniq_maggie, uniq_blork_the_orc
D:7:      layout_basic, mainiacjoe_overflow_six_doors_small,
          gammafunk_ghost_necromancy, hangedman_abyss_or_decor_lesser_grid
D:8:      layout_loops_corners, serial_shops, shop, amcnicky_mini_pool_medium
D:9:      layout_roguey, grunt_lair_entry_orc_guard_hut, enter_bailey_3
D:10:     layout_stronghold, david_orc_3, uniq_harold, uniq_erica
Temple:   mainiacjoe_temple_archimedes_tessellation
Lair:1:   layout_cave_shapes, lemuel_fruit_fields
Lair:2:   layout_cave_pods, spider_nest_entry_a, grunt_megastairs_5,
          lemuel_fruit_tree
Lair:3:   layout_regular_city, uniq_gastronok
Lair:4:   layout_gridlike, elwin_shoals_entry_rooms,
          hellmonk_guarded_unrand_vines

Skill      XL: |  1  2  3  4  5  6  7  8  9 10 11 12 13 |
---------------+----------------------------------------+-----
Fighting       | 2 3 4 5 6 7 9 10 12 | 12.3
Maces & Flails | 1 2 3 4 5 6 7 8 |  8.4
Hexes          | 3 4 5 6 7 |  7.3
Spellcasting   | 2 4 6 7 8 |  8.2
Evocations     | 2 3 5 |  5.3
Throwing       | 4 6 |  6.2
Necromancy     | 1 3 4 5 6 7 |  7.1
Armour         | 2 3 |  3.7
Earth Magic    | 2 4 5 |  5.0
Dodging        | |  1.8
Unarmed Combat | |  0.3

Action                   |  1- 3 |  4- 6 |  7- 9 | 10-12 | 13-15 || total
-------------------------+-------+-------+-------+-------+-------++-------
Melee: Dagger            |    10 |       |       |       |       ||    10
       Unarmed           |     8 |       |       |       |       ||     8
       Punch             |     1 |     4 |    10 |    18 |       ||    33
       Club              |    73 |   133 |       |       |       ||   206
       Whip              |       |    37 |   430 |   696 |     3 ||  1166
       Staff             |       |       |    18 |    22 |       ||    40
Throw: Large rock        |     3 |    13 |    19 |    29 |     5 ||    69
       Throwing net      |     2 |     3 |     1 |       |       ||     6
       Boomerang         |       |       |       |    33 |       ||    33
       Javelin           |       |       |       |       |     1 ||     1
 Cast: Slow              |     6 |    17 |    43 |    56 |     1 ||   123
       Cause Fear        |       |       |     8 |    20 |     5 ||    33
       Vampiric Draining |       |       |     2 |    40 |       ||    42
       Animate Dead      |       |       |       |     5 |     1 ||     6
       Inner Flame       |       |       |       |    17 |       ||    17
       Borgnjor's Vile C |       |       |       |     1 |       ||     1
Invok: Receive Corpses   |       |       |       |     1 |       ||     1
Evoke: Wand              |       |       |       |     7 |       ||     7
  Use: Scroll            |     3 |     1 |    11 |    10 |       ||    25
       Potion            |       |     6 |     2 |     7 |     1 ||    16
 Stab: Invisible         |       |     1 |       |       |       ||     1
Armor: Robe              |    42 |    62 |    52 |       |       ||   156
       Skin              |       |       |     5 |       |       ||     5
       Steam dragon scal |       |       |   151 |   358 |    15 ||   524
Dodge: Dodged            |    46 |    65 |   210 |   324 |    17 ||   662

Table legend: (Time is in decaauts)
 A = Elapsed time spent in this place.
 B = Non-inter-level travel time spent in this place.
 C = Inter-level travel time spent in this place.
 D = Time resting spent in this place.
 E = Time spent auto-exploring this place.
 F = Levels seen in this place.
 G = Mean time per level.
                   A        B        C        D        E       F      G
               +--------+--------+--------+--------+--------+-----+--------+
         Total |  26179 |  24813 |   1366 |   9715 |  10241 |  16 | 1636.2 |
       Dungeon |  18434 |  17462 |    972 |   6619 |   7614 |  10 | 1843.4 |
        Temple |    121 |     53 |     68 |      0 |     43 |   1 |  121.0 |
          Lair |   7402 |   7076 |    326 |   3019 |   2516 |   4 | 1850.5 |
        Bailey |    221 |    221 |      0 |     76 |     67 |   1 |  221.0 |
               +--------+--------+--------+--------+--------+-----+--------+

Top non-repeatable levels by time:
     D:9: 3162 daAuts
  Lair:2: 2699 daAuts
  Lair:1: 2412 daAuts
     D:3: 2148 daAuts
  Lair:3: 2140 daAuts
     D:7: 2034 daAuts
     D:1: 1820 daAuts
     D:8: 1807 daAuts
     D:4: 1787 daAuts
    D:10: 1647 daAuts
     D:2: 1434 daAuts
     D:5: 1432 daAuts
     D:6: 1158 daAuts
  Bailey: 221 daAuts
  Lair:4: 149 daAuts
